 Dungeon Crawl Stone Soup version 0.21.0-24-g2553a33 (webtiles) character file.

46 Monsterracer the Sneak (level 3, -5/21 HPs)
             Began as a Deep Elf Assassin on Jan 21, 2018.
             Slain by Sigmund
             ... wielding a +0 scythe
              (6 damage)
             ... on level 2 of the Dungeon.
             The game lasted 00:03:16 (2271 turns).

Monsterracer the Sneak (Deep Elf Assassin)          Turns: 2271, Time: 00:03:16

Health: -5/21      AC:  6    Str: 10 (13) XL:     3   Next: 46%
Magic:  5/5        EV: 11    Int: 13 (15) God:
Gold:   71         SH:  0    Dex: 14 (17) Spells: 2/2 levels left

rFire    . . .     SeeInvis .   b - +0 blowgun
rCold    . . .     Gourm    .   (no shield)
rNeg     . . .     Faith    .   l - +0 ring mail
rPois    .         Spirit   .   (no helmet)
rElec    .         Reflect  .   d - +0 cloak
rCorr    .         Harm     .   (no gloves)
MR       .....                  (no boots)
Stlth    ++........             (no amulet)
HPRegen  0.07/turn              (no ring)
MPRegen  0.09/turn              (no ring)

@: mighty
A: no striking features
a: no special abilities


You were on level 2 of the Dungeon.
You were very hungry.

You visited 1 branch of the dungeon, and saw 3 of its levels.

You collected 71 gold pieces.

Inventory:

Hand Weapons
 a - a +1 short sword of freezing
 b - a +0 blowgun (weapon)
 w - a +2 dagger
Missiles
 e - 6 poisoned needles (quivered)
Armour
 d - a +0 cloak (worn)
 l - a +0 ring mail (worn)
Jewellery
 j - an uncursed ring of ice
Scrolls
 g - 2 scrolls of remove curse {unknown}
 k - a scroll of teleportation {unknown}
 m - a scroll of fear {unknown}
 n - 2 scrolls of identify {unknown}
Potions
 i - a potion of might
Comestibles
 c - 7 rations


   Skills:
 + Level 2.0 Fighting
 * Level 2.9 Short Blades
 - Level 2.0 Throwing
 + Level 2.1 Dodging
 + Level 5.2 Stealth


You had 2 spell levels left.
You didn't know any spells.

Dungeon Overview and Level Annotations

Branches:
Dungeon (3/15)

Altars:

Annotations:
D:2 Sigmund


Message History

You see here a stone.
You see here a stone.
There is a stone staircase leading down here.
You climb downwards.
Sigmund the Dreaded comes into view.
He is wielding a scythe.
Sigmund shouts!
You hear a shout! x2
Found a scroll labeled UWULUL UNTEF and a club.
There is a stone staircase leading up here.
Sigmund is nearby!
There is a stone staircase leading up here.
You aren't carrying any items that you can evoke.
Unknown command.
There is a stone staircase leading up here.
Unknown command.
Your +1 short sword of freezing stops glowing.
b - a +0 blowgun (weapon)
You aren't carrying any items that you can evoke.
Unknown command.
Fire/throw which item? (* to show all) (? for menu, Esc to quit)
Press: ? - help, Shift-Dir - straight line, f - Sigmund
Aim: Sigmund, wielding a scythe and wearing a robe You shoot a curare-tipped needle.
The curare-tipped needle hits Sigmund.
Sigmund is poisoned.
Sigmund convulses.
Sigmund seems to slow down.
Sigmund is lightly wounded.
Sigmund barely misses you.
A kobold comes into view. It is wielding a short sword.
Your +1 short sword of freezing glows with a cold blue light!
a - a +1 short sword of freezing (weapon)
You barely miss Sigmund.
Sigmund is lightly wounded.
A goblin comes into view. It is wielding a club.
You hit Sigmund. You freeze Sigmund.
Sigmund is lightly wounded.
Sigmund mumbles some strange words.
Sigmund flickers and vanishes!
Deactivating autopickup; reactivate with Ctrl-A.
Something hits you!
You climb upwards.
There is a stone staircase leading down here.
You take 9 damage, and have 12/21 hp.
MASSIVE DAMAGE!!
You miss something. You barely miss something.
You hit something but do no damage. Something hits you!
* * * LOW HITPOINT WARNING * * *
You take 9 damage, and have 3/21 hp.
MASSIVE DAMAGE!!
Your +1 short sword of freezing stops glowing.
b - a +0 blowgun (weapon)
Fire/throw which item? (* to show all) (? for menu, Esc to quit)
That's the wrong kind of item! (Use * to select it.) Fire/throw which item? (* to show all) (? for menu, Esc to quit)
Okay, then.
Firing (i - inventory. (,) - cycle):
e - 8 poisoned needles (quivered)
Press: ? - help, Shift-Dir - straight line, f - you
Okay, then.
Fire/throw which item? (* to show all) (? for menu, Esc to quit)
Press: ? - help, Shift-Dir - straight line, f - you Really target yourself?
Okay, then.
You hear some strange, mumbled words.
A puff of flame appears from out of thin air!
The puff of flame misses you.
Fire/throw which item? (* to show all) (? for menu, Esc to quit)
Press: ? - help, Shift-Dir - straight line You shoot a curare-tipped needle.
You hear a zap.
A puff of flame appears from out of thin air!
The puff of flame misses you.
You hear a zap.
A puff of flame appears from out of thin air!
The puff of flame misses you.
Fire/throw which item? (* to show all) (? for menu, Esc to quit)
Press: ? - help, Shift-Dir - straight line You shoot a poisoned needle.
You hear a zap.
A puff of flame appears from out of thin air!
The puff of flame hits you!
* * * LOW HITPOINT WARNING * * *
You take 1 damage, and have 2/21 hp.
It was a potion of degeneration.
There was something very wrong with that liquid.
You feel weakened.
You feel dopey.
You feel clumsy.
It was a potion of might.
You feel very mighty all of a sudden.
You aren't carrying any items that you can evoke.
Fire/throw which item? (* to show all) (? for menu, Esc to quit)
Press: ? - help, Shift-Dir - straight line You shoot a poisoned needle.
You hear some strange, mumbled words.
You are confused.
Something hits you.
* * * LOW HITPOINT WARNING * * *
You take 1 damage, and have 1/21 hp.
You closely miss something.
You hear some strange, mumbled words.
Something tries to affect you, but you resist.
You bump into the rock wall.
Something hits you but does no damage.
You miss something.
You feel less confused. Something hits you.
You die...

### ####### ######## #<# #.....#
#....... #.#
#.###.###########....... #.#
#(..(.{@................ #.#
#..##.###########....... #.#
#.......)...############
#.#####.>.........'...........
####.##.....#.#......############
#....##.##....#......# ###....###
#.####.......##......# #........#
#.####.#.###.........# #........#
#........#...........# #........#


There were no monsters in sight!

Vanquished Creatures
  An adder (D:2)
  A worm (D:2)
  A dart slug (D:2)
  2 leopard geckos
  2 ball pythons (D:2)
  A giant cockroach (D:1)
  4 goblins (D:1)
  5 hobgoblins
  2 bats
  2 frilled lizards (D:1)
  6 kobolds
  4 rats (D:1)
31 creatures vanquished.

Notes
Turn   | Place    | Note
-------+----------+-------------------------------------------
     0 | D:1      | Monsterracer the Deep Elf Assassin began the quest for the Orb.
     0 | D:1      | Reached XP level 1. HP: 12/12 MP: 3/3
   120 | D:1      | HP: 5/12 [kobold (3)]
   487 | D:1      | Reached XP level 2. HP: 17/17 MP: 4/4
   508 | D:1      | Reached skill level 5 in Stealth
  1147 | D:2      | Reached XP level 3. HP: 21/21 MP: 5/5
  1301 | D:2      | HP: 10/21 [worm (3)]
  2243 | D:3      | Noticed Sigmund
  2253 | D:2      | HP: 3/21 [something (9)]
  2264 | D:2      | HP: 2/21 [something/wand of flame (14) (2)]
  2271 | D:2      | Slain by Sigmund

Skill      XL: |  1  2  3 |
---------------+----------+-----
Stealth        | 5 |  5.2
Dodging        | 2 |  2.1
Fighting       | 2 |  2.0
Short Blades   | |  2.9
Throwing       | |  2.0

Action                   || total
-------------------------++-------
Melee: Dagger            ||    96
       Short sword       ||     9
       Blowgun           ||     2
 Fire: Blowgun           ||     5
  Use: Potion            ||     2
 Stab: Sleeping          ||    10
       Distracted        ||     1
  Eat: Chunk             ||     3
Armor: Robe              ||     4
       Ring mail         ||    21
Dodge: Dodged            ||    37

Vault maps used:
D:1:      dpeg_arrival_radiant
D:3:      nicolae_overflow_hidden_temple, nicolae_ru_sacrificial_ziggurat,
          uniq_sigmund
